 Dungeon Crawl Stone Soup version 0.26-b1-32-g5d43845318 (webtiles) character file.

Game seed: 10291643665802754780

36 inmateoo the Covered (level 3, -6/33 HPs)
             Began as a Minotaur Fighter on Jan 9, 2021.
             Mangled by Sigmund
             ... wielding a cursed -1 scythe
              (11 damage)
             ... on level 2 of the Dungeon.
             The game lasted 00:01:01 (993 turns).

inmateoo the Covered (Minotaur Fighter)              Turns: 993, Time: 00:01:01

Health: -6/33      AC:  8    Str: 21    XL:     3   Next: 19%
Magic:  2/2        EV:  6    Int:  5    God:
Gold:   62         SH: 14    Dex:  9    Spells: 2/2 levels left

rFire    . . .     SeeInvis .   a - +0 war axe
rCold    . . .     Faith    .   h - +0 tower shield
rNeg     . . .     Spirit   .   b - +0 scale mail
rPois    .         Reflect  .   (helmet restricted)
rElec    .         Harm     .   (no cloak)
rCorr    .         Rampage  .   j - +0 pair of gloves
Will     .....                  (no boots)
Stlth    ..........             (no amulet)
HPRegen  0.11/turn              (no ring)
MPRegen  0.08/turn              (no ring)

@: mighty
A: retaliatory headbutt, horns 2
a: no special abilities


You were on level 2 of the Dungeon.
You visited 1 branch of the dungeon, and saw 2 of its levels.

You collected 62 gold pieces.

Inventory:

Hand Weapons
 a - a +0 war axe (weapon)
Armour
 b - a +0 scale mail (worn)
 h - a +0 tower shield (worn)
 j - a +0 pair of gloves (worn)
Scrolls
 c - a scroll of teleportation
 f - a scroll of identify
 k - a scroll of amnesia {unknown}
Potions
 d - a potion of might
 e - a potion of lignification {unknown}
 g - a potion of curing
 i - a potion of attraction


   Skills:
 + Level 3.9 Fighting
 * Level 3.2 Axes
 + Level 4.0 Armour
 + Level 1.1 Dodging
 + Level 4.0 Shields


You had 2 spell levels left.
You didn't know any spells.
Your spell library was empty.

Dungeon Overview and Level Annotations

Branches:
Dungeon (2/15)

Altars:

Annotations:
D:2 Sigmund


Innate Abilities, Weirdness & Mutations

You reflexively headbutt those who attack you in melee.
You have a pair of horns on your head.


Message History

You hit something but do no damage. Your headbutt misses something.
You block something's attack.
No target in view!
Your shield prevents you from hitting something.
Something hits you.
You are too injured to fight recklessly!
You miss something. Something hits you.
You closely miss something. You block something's attack.
You are too injured to fight recklessly!
You feel very mighty all of a sudden. Something hits you but does no damage.
Unknown command.
You barely miss something. Your headbutt misses something. Something hits you.
* * * LOW HITPOINT WARNING * * *
Unknown command.
You closely miss something. Something hits you.
* * * LOW HITPOINT WARNING * * *
Unknown command.
You barely miss something. Something hits you!
You die...

#.####.#......... ..
#................ ..#
#.####........... ..=###+#.#
##+#.####.#.. ....#....# #.....#
#.#.. .........# #.....###.#..
.........###............
......{.......<.........
.......@.###......##.#..
#...#..#.# ##..##.##.#..
....#..#=####...#.##.#.# ......
>...................... ......
.....###)..####...#.##.... #..#.#
....###...####........... #.....
...............#.#.##.#.# #..#.#
...##.#..####.....##.#.#
#..#.#####.......>.##............


There were no monsters in sight!

Vanquished Creatures
  An ooze (D:1)
  A dart slug (D:1)
  4 bats
  2 giant cockroaches (D:1)
  7 hobgoblins
  8 kobolds
  2 frilled lizards
  2 goblins (D:1)
  2 rats (D:2)
29 creatures vanquished.

Notes
Turn   | Place    | Note
-------+----------+-------------------------------------------
     0 | D:1      | inmateoo the Minotaur Fighter began the quest for the Orb.
     0 | D:1      | Reached XP level 1. HP: 19/19 MP: 0/0
    90 | D:1      | Reached XP level 2. HP: 27/27 MP: 1/1
   547 | D:1      | Reached skill level 1 in Dodging
   547 | D:1      | Reached XP level 3. HP: 33/33 MP: 2/2
   975 | D:2      | Noticed Sigmund
   993 | D:2      | Mangled by Sigmund

Illustrated notes

Levels and vault maps discovered:
D:1:      minmay_arrival_nine_rooms, layout_basic, minmay_tetromino_o4
D:2:      layout_basic, roderic_serpentine_path, uniq_sigmund

Skill      XL: |  1  2  3 |
---------------+----------+-----
Axes           | 3 |  3.2
Dodging        | 1 |  1.1
Armour         | 4 |  4.0
Shields        | 4 |  4.0
Fighting       | |  3.9

Action                   || total
-------------------------++-------
Melee: War axe           ||    72
       Headbutt          ||     7
  Use: Scroll            ||     4
       Potion            ||     1
Armor: Scale mail        ||    36
Dodge: Dodged            ||    24
Block: Kite shield       ||    41
       Tower shield      ||     6
